| TOP OF THE 1ST |
|
California State University at Fullerton Titans batting - Pitching for University of Miami Hurricanes : RHP Chris Zubia
|
|
Pitching: RHP Chris Zubia
|
|
|
Batting: RHB Ken Hillman
|
0-0: Ball 1-0: Ball 2-0: Called Strike 2-1: Swinging Strike 2-2: Foul Ball, location: 2F 2-2: Strikes out swinging
|
|
Batting: RHB Zach Warwick
|
0-0: Ball 1-0: Fly out, F6 (Line Drive, 6M, EV 75.0 MPH)
|
|
Batting: LHB Carlos Guadarrama
|
0-0: Called Strike 0-1: Foul Ball, location: 2F 0-2: Foul Ball, location: 2F 0-2: Foul Ball, location: 2F 0-2: Ball 1-2: Ground out U3 (Groundball, 3L, EV 77.5 MPH)
|
| Top of the 1st over - 0 runs, 0 hits, 0 errors, 0 left on base; California State University at Fullerton 0 - University of Miami 0 |
| BOTTOM OF THE 1ST |
|
University of Miami Hurricanes batting - Pitching for California State University at Fullerton Titans : RHP Henry Gallegos
|
|
Pitching: RHP Henry Gallegos
|
|
|
Batting: LHB Addergoole Kartosuwiryo
|
0-0: Called Strike 0-1: Foul Ball, location: 2F 0-2: Ground out 5-3 (Groundball, 56, EV 83.8 MPH)
|
|
Batting: LHB Juan Zuniga
|
0-0: Called Strike 0-1: Called Strike 0-2: Ground out 1-3 (Groundball, 13S, EV 73.1 MPH)
|
|
Batting: SHB Taylor Shelton
|
0-0: Ball 1-0: Foul Ball, location: 2F 1-1: Foul Ball, location: 2F 1-2: Ball 2-2: Foul Ball, location: 2F 2-2: Ground out 4-3 (Groundball, 4, EV 80.6 MPH)
|
| Bottom of the 1st over - 0 runs, 0 hits, 0 errors, 0 left on base; California State University at Fullerton 0 - University of Miami 0 |
| TOP OF THE 2ND |
|
California State University at Fullerton Titans batting - Pitching for University of Miami Hurricanes : RHP Chris Zubia
|
|
Batting: RHB Simon Sultzbach
|
0-0: Ball 1-0: Ball 2-0: Ball 3-0: Called Strike 3-1: SINGLE (Line Drive, 4M, EV 99.4 MPH)
|
|
Batting: LHB Jim Snell
|
0-0: Swinging Strike 0-1: Called Strike 0-2: Strikes out swinging
|
|
Batting: SHB Jonathan Jacob
|
0-0: Ball 1-0: Ball 2-0: Ball 3-0: Called Strike 3-1: Swinging Strike 3-2: Strikes out swinging
|
|
Batting: RHB Sergio Cervantes
|
0-0: Ball 1-0: Called Strike 1-1: Foul Ball, location: 2F 1-2: Ball 2-2: Strikes out swinging
|
| Top of the 2nd over - 0 runs, 1 hit, 0 errors, 1 left on base; California State University at Fullerton 0 - University of Miami 0 |
| BOTTOM OF THE 2ND |
|
University of Miami Hurricanes batting - Pitching for California State University at Fullerton Titans : RHP Henry Gallegos
|
|
Batting: RHB Chris Zubia
|
0-0: Called Strike 0-1: Foul Ball, location: 2F 0-2: Foul Ball, location: 2F 0-2: Fly out, F9 (Flyball, 9S, EV 83.8 MPH)
|
|
Batting: RHB Burke Miller
|
0-0: Called Strike 0-1: Ball 1-1: Called Strike 1-2: Strikes out swinging
|
|
Batting: LHB Brian Woods
|
0-0: Called Strike 0-1: Ground out 4-3 (Groundball, 4, EV 89.4 MPH)
|
| Bottom of the 2nd over - 0 runs, 0 hits, 0 errors, 0 left on base; California State University at Fullerton 0 - University of Miami 0 |
| TOP OF THE 3RD |
|
California State University at Fullerton Titans batting - Pitching for University of Miami Hurricanes : RHP Chris Zubia
|
|
Batting: RHB Jamie Blankenship
|
0-0: Called Strike 0-1: SINGLE (Groundball, 4D, EV 114.4 MPH)
|
|
Batting: LHB Mike Fernandez
|
0-0: Called Strike 0-1: Ball 1-1: Foul Ball, location: 2F 1-2: Fielders Choice at 2nd, 4-6 (Groundball, 4, EV 86.9 MPH)
|
|
Batting: RHB Ken Hillman
|
0-0: Fielders Choice at 2nd, 5-4 (Groundball, 56, EV 106.2 MPH)
|
|
Batting: RHB Zach Warwick
|
0-0: Called Strike Ken Hillman is caught stealing 2nd base 2-4
|
| Top of the 3rd over - 0 runs, 1 hit, 0 errors, 0 left on base; California State University at Fullerton 0 - University of Miami 0 |
| BOTTOM OF THE 3RD |
|
University of Miami Hurricanes batting - Pitching for California State University at Fullerton Titans : RHP Henry Gallegos
|
|
Batting: RHB Danny Gallardo
|
0-0: Called Strike 0-1: Ground out 6-3 (Groundball, 6, EV 91.2 MPH)
|
|
Batting: RHB Paul Holland
|
0-0: SINGLE (Line Drive, 89M, EV 109.4 MPH)
|
|
Batting: LHB Tim Wilton
|
0-0: Ball 1-0: Ball 2-0: Called Strike 2-1: DOUBLE (Flyball, 78D, EV 100.6 MPH) Paul Holland to third
|
|
Batting: LHB Addergoole Kartosuwiryo
|
0-0: Ball 1-0: Called Strike 1-1: Ball 2-1: Fly out, F8 (Flyball, 8LM, EV 93.1 MPH)
|
|
Batting: LHB Juan Zuniga
|
0-0: Foul Ball, location: 2F 0-1: Ball 1-1: Ball 2-1: Foul Ball, location: 2F 2-2: Foul Ball, location: 2F 2-2: Ball 3-2: SINGLE (Groundball, 6, EV 100.0 MPH) Paul Holland scores Tim Wilton to third Runner from 3rd tries for Home, SAFE, throw by LF to home
|
|
Batting: SHB Taylor Shelton
|
0-0: Called Strike 0-1: Reached on error, E4 (Groundball, 4, EV 79.4 MPH) Juan Zuniga to second
|
|
Batting: RHB Chris Zubia
|
0-0: Called Strike 0-1: Ball 1-1: Ball 2-1: Foul Ball, location: 2F 2-2: Ball 3-2: Fly out, F8 (Flyball, 8LD, EV 85.6 MPH)
|
| Bottom of the 3rd over - 2 runs, 3 hits, 1 error, 2 left on base; California State University at Fullerton 0 - University of Miami 2 |
| TOP OF THE 4TH |
|
California State University at Fullerton Titans batting - Pitching for University of Miami Hurricanes : RHP Chris Zubia
|
|
Batting: RHB Zach Warwick
|
0-0: Fly out, F9 (Flyball, 89S, EV 82.5 MPH)
|
|
Batting: LHB Carlos Guadarrama
|
0-0: Swinging Strike 0-1: Swinging Strike 0-2: Ball 1-2: Ground out 4-3 (Groundball, 4, EV 111.2 MPH)
|
|
Batting: RHB Simon Sultzbach
|
0-0: Swinging Strike 0-1: Ball 1-1: Ball 2-1: Foul Ball, location: 2F 2-2: Foul Ball, location: 2F 2-2: Ball 3-2: Strikes out swinging
|
| Top of the 4th over - 0 runs, 0 hits, 0 errors, 0 left on base; California State University at Fullerton 0 - University of Miami 2 |
| BOTTOM OF THE 4TH |
|
University of Miami Hurricanes batting - Pitching for California State University at Fullerton Titans : RHP Henry Gallegos
|
|
Batting: RHB Burke Miller
|
0-0: Ball 1-0: Called Strike 1-1: Ground out 6-3 (Groundball, 6, EV 81.9 MPH)
|
|
Batting: LHB Brian Woods
|
0-0: Called Strike 0-1: Ball 1-1: Ground out 4-3 (Groundball, 4S, EV 89.4 MPH)
|
|
Batting: RHB Danny Gallardo
|
0-0: Foul Ball, location: 2F 0-1: Foul Ball, location: 2F 0-2: Ball 1-2: Ball 2-2: Strikes out swinging
|
| Bottom of the 4th over - 0 runs, 0 hits, 0 errors, 0 left on base; California State University at Fullerton 0 - University of Miami 2 |
| TOP OF THE 5TH |
|
California State University at Fullerton Titans batting - Pitching for University of Miami Hurricanes : RHP Chris Zubia
|
|
Batting: LHB Jim Snell
|
0-0: Ball 1-0: Fly out, F3 (Popup, 3SF, EV 71.9 MPH)
|
|
Batting: SHB Jonathan Jacob
|
0-0: Called Strike 0-1: Ball 1-1: Ball 2-1: Foul Ball, location: 2F 2-2: Ball 3-2: Strikes out swinging
|
|
Batting: RHB Sergio Cervantes
|
0-0: Foul Ball, location: 2F 0-1: SINGLE (Line Drive, 56D, EV 98.8 MPH)
|
|
Batting: RHB Jamie Blankenship
|
0-0: Ground out 4-3 (Groundball, 4, EV 85.0 MPH)
|
| Top of the 5th over - 0 runs, 1 hit, 0 errors, 1 left on base; California State University at Fullerton 0 - University of Miami 2 |
| BOTTOM OF THE 5TH |
|
University of Miami Hurricanes batting - Pitching for California State University at Fullerton Titans : RHP Henry Gallegos
|
|
Batting: RHB Paul Holland
|
0-0: Swinging Strike 0-1: Called Strike 0-2: Ball 1-2: Foul Ball, location: 2F 1-2: Ball 2-2: Ball 3-2: Foul Ball, location: 2F 3-2: Foul Ball, location: 2F 3-2: Base on Balls
|
|
Batting: LHB Tim Wilton
|
0-0: Called Strike 0-1: Foul Ball, location: 2F 0-2: Ball 1-2: Fly out, F7 (Flyball, 78S, EV 93.1 MPH)
|
|
Batting: LHB Addergoole Kartosuwiryo
|
0-0: Ball 1-0: Foul Ball, location: 2F 1-1: Ball 2-1: Fly out, F5 (Popup, 56S, EV 71.2 MPH)
|
|
Pitching: LHP Hugo Alba
|
|
|
Batting: LHB Juan Zuniga
|
0-0: Called Strike 0-1: Foul Ball, location: 2F 0-2: Ball 1-2: Foul Ball, location: 2F 1-2: 2-RUN HOME RUN (Flyball, 9D, EV 96.9 MPH), Distance : 366 ft
|
|
Batting: SHB Taylor Shelton
|
0-0: Called Strike 0-1: Foul Ball, location: 2F 0-2: Foul Ball, location: 2F 0-2: Strikes out swinging
|
| Bottom of the 5th over - 2 runs, 1 hit, 0 errors, 0 left on base; California State University at Fullerton 0 - University of Miami 4 |
| TOP OF THE 6TH |
|
California State University at Fullerton Titans batting - Pitching for University of Miami Hurricanes : RHP Chris Zubia
|
|
Batting: LHB Mike Fernandez
|
0-0: Ball 1-0: DOUBLE (Flyball, 89D, EV 106.9 MPH)
|
|
Batting: RHB Ken Hillman
|
0-0: Ball 1-0: Called Strike 1-1: Foul Ball, location: 2F 1-2: Foul Ball, location: 2F 1-2: Ball 2-2: Foul Ball, location: 2F 2-2: Fly out, F6 (Flyball, 6D, EV 92.5 MPH)
|
|
Batting: RHB Zach Warwick
|
0-0: Ball 1-0: Ground out 6-3 (Groundball, 6, EV 86.2 MPH)
|
|
Pitching: RHP Artemio Santiago
|
|
|
Batting: LHB Carlos Guadarrama
|
0-0: Ball 1-0: Fly out, F8 (Flyball, 8LD, EV 92.5 MPH)
|
| Top of the 6th over - 0 runs, 1 hit, 0 errors, 1 left on base; California State University at Fullerton 0 - University of Miami 4 |
| BOTTOM OF THE 6TH |
|
University of Miami Hurricanes batting - Pitching for California State University at Fullerton Titans : LHP Hugo Alba
|
|
Batting: RHB Chris Zubia
|
0-0: Ball 1-0: Ball 2-0: Foul Ball, location: 2F 2-1: Ball 3-1: Base on Balls
|
|
Batting: RHB Burke Miller
|
0-0: SINGLE (Groundball, 56S, EV 71.9 MPH) (infield hit) Chris Zubia to second
|
|
Batting: LHB Brian Woods
|
0-0: Called Strike 0-1: Ball 1-1: Foul Ball, location: 2F 1-2: Fielders Choice at 2nd, 4-6 (Groundball, 4, EV 86.9 MPH) Chris Zubia to third
|
|
Batting: RHB Danny Gallardo
|
0-0: Reached on error, E3 (Groundball, 3, EV 101.9 MPH) Chris Zubia scores Brian Woods to second
|
|
Batting: RHB Paul Holland
|
0-0: Ball Brian Woods is caught stealing 3rd base 2-5 1-0: Called Strike 1-1: Ball 2-1: Ball 3-1: Fly out, F8 (Flyball, 8LD, EV 83.8 MPH)
|
| Bottom of the 6th over - 1 run, 1 hit, 1 error, 1 left on base; California State University at Fullerton 0 - University of Miami 5 |
| TOP OF THE 7TH |
|
California State University at Fullerton Titans batting - Pitching for University of Miami Hurricanes : RHP Artemio Santiago
|
|
Batting: RHB Simon Sultzbach
|
0-0: Called Strike 0-1: Foul Ball, location: 2F 0-2: Foul Ball, location: 2F 0-2: Ball 1-2: Ball 2-2: Ball 3-2: Fly out, F9 (Flyball, 89M, EV 90.0 MPH)
|
|
Batting: LHB Jim Snell
|
0-0: Ball 1-0: Ball 2-0: Foul Ball, location: 2F 2-1: Ground out 1-3 (Groundball, 15S, EV 62.5 MPH)
|
|
Batting: SHB Jonathan Jacob
|
0-0: Ball 1-0: Fly out, F8 (Flyball, 8LM, EV 94.4 MPH)
|
| Top of the 7th over - 0 runs, 0 hits, 0 errors, 0 left on base; California State University at Fullerton 0 - University of Miami 5 |
| BOTTOM OF THE 7TH |
|
University of Miami Hurricanes batting - Pitching for California State University at Fullerton Titans : LHP Hugo Alba
|
|
Batting: LHB Tim Wilton
|
0-0: Called Strike 0-1: Foul Ball, location: 2F 0-2: Ball 1-2: Strikes out swinging
|
|
Batting: LHB Addergoole Kartosuwiryo
|
0-0: Ball 1-0: Ball 2-0: Ball 3-0: Base on Balls
|
|
Batting: LHB Juan Zuniga
|
0-0: Swinging Strike 0-1: Ball 1-1: Ball 2-1: Ball 3-1: Base on Balls Addergoole Kartosuwiryo to second
|
|
Batting: SHB Taylor Shelton
|
0-0: Foul Ball, location: 2F 0-1: Ball 1-1: Foul Ball, location: 2F 1-2: Foul Ball, location: 2F 1-2: Strikes out swinging
|
|
Batting: RHB Chris Zubia
|
0-0: Foul Ball, location: 2F 0-1: Ball 1-1: Ball 2-1: Fielders Choice at 2nd, 6-4 (Groundball, 6, EV 87.5 MPH)
|
| Bottom of the 7th over - 0 runs, 0 hits, 0 errors, 2 left on base; California State University at Fullerton 0 - University of Miami 5 |
| TOP OF THE 8TH |
|
California State University at Fullerton Titans batting - Pitching for University of Miami Hurricanes : RHP Artemio Santiago
|
|
Pinch Hitting: LHB John Blumberg
|
0-0: Called Strike 0-1: Foul Ball, location: 2F 0-2: Foul Ball, location: 2F 0-2: Ground out 1-3 (Groundball, 13S, EV 68.8 MPH)
|
|
Pinch Hitting: LHB B.J. Ferguson
|
0-0: Ball 1-0: SINGLE (Groundball, 34, EV 96.2 MPH)
|
|
Batting: LHB Mike Fernandez
|
0-0: SINGLE (Flyball, 5D, EV 95.0 MPH) B.J. Ferguson to second
|
|
Pinch Hitting: RHB Justin Thomas
|
0-0: Swinging Strike 0-1: Ball 1-1: Ball 2-1: Swinging Strike 2-2: Fielders Choice at 2nd, 6-4 (Groundball, 6, EV 104.4 MPH) B.J. Ferguson to third
|
|
Batting: RHB Zach Warwick
|
0-0: Foul Ball, location: 2F 0-1: Ball 1-1: Fielders Choice at 2nd, 6-4 (Groundball, 56, EV 83.8 MPH)
|
| Top of the 8th over - 0 runs, 2 hits, 0 errors, 2 left on base; California State University at Fullerton 0 - University of Miami 5 |
| BOTTOM OF THE 8TH |
|
University of Miami Hurricanes batting - Pitching for California State University at Fullerton Titans : LHP Hugo Alba
|
|
Now at 2B: Alex Rivas
|
|
|
Now at SS: Felipe Lara
|
|
|
Now in RF: B.J. Ferguson
|
|
|
Batting: RHB Burke Miller
|
0-0: Called Strike 0-1: Swinging Strike 0-2: Ball 1-2: Foul Ball, location: 2F 1-2: Ball 2-2: Strikes out swinging
|
|
Batting: LHB Brian Woods
|
0-0: Ball 1-0: Called Strike 1-1: Ball 2-1: Ground out 4-3 (Groundball, 34D, EV 89.4 MPH)
|
|
Batting: RHB Danny Gallardo
|
0-0: Called Strike 0-1: Ball 1-1: Fly out, F4 (Popup, 4S, EV 73.8 MPH)
|
| Bottom of the 8th over - 0 runs, 0 hits, 0 errors, 0 left on base; California State University at Fullerton 0 - University of Miami 5 |
| TOP OF THE 9TH |
|
California State University at Fullerton Titans batting - Pitching for University of Miami Hurricanes : RHP Artemio Santiago
|
|
Pinch Hitting: RHB Joe McKinzie
|
0-0: Ball 1-0: DOUBLE (Flyball, 89XD, EV 106.9 MPH)
|
|
Batting: LHB Steve Lane
|
0-0: Ball 1-0: Called Strike 1-1: Swinging Strike 1-2: Foul Ball, location: 2F 1-2: Ball 2-2: Strikes out swinging
|
|
Pinch Hitting: LHB Mike Lauritsen
|
0-0: Swinging Strike 0-1: Foul Ball, location: 2F 0-2: Foul Ball, location: 2F 0-2: Strikes out swinging
|
|
Pinch Hitting: RHB Alex Freyre
|
0-0: Ground out 4-3 (Groundball, 4, EV 104.4 MPH)
|
| Top of the 9th over - 0 runs, 1 hit, 0 errors, 1 left on base; California State University at Fullerton 0 - University of Miami 5 |
|